 Dungeon Crawl Stone Soup version 0.31.0-9-g3a7656b989 (webtiles) character file.

Game seed: 6731309883486759611

43 Kenran the Chopper (level 3, -3/34 HPs)
             Began as a Gargoyle Berserker on Jan 26, 2024.
             Was a Follower of Trog.
             Slain by Sigmund
             ... wielding a +3 scythe
              (10 damage)
             ... on level 2 of the Dungeon.
             The game lasted 00:01:39 (730 turns).

Kenran the Chopper (Gargoyle Berserker)              Turns: 730, Time: 00:01:39

Health: -3/34      AC:  9    Str: 28    XL:     3   Next: 58%
Magic:  3/3        EV: 11    Int:  7    God:    Trog [*.....]
Gold:   40         SH:  0    Dex:  9    Spells: 2/2 levels left

rFire   . . .        a - +0 hand axe
rCold   . . .        (no shield)
rNeg    + . .        b - +0 animal skin
rPois   ∞            (no helmet)
rElec   +            (no cloak)
rCorr   .            (no gloves)
SInv    .            (no boots)
Will    .....        (no amulet) Stlth
                     j - +6 ring of strength
HPRegen 0.25/turn    l - +4 ring of protection
MPRegen 0.08/turn

%: no passive effects
@: confused, berserking (expiring), very quick
A: sickness immunity, AC +3, negative energy resistance 1, electricity
resistance, torment resistance 1, petrification resistance
a: Renounce Religion, Berserk


You were on level 2 of the Dungeon.
You worshipped Trog.
Trog was aware of your devotion.
You visited 1 branch of the dungeon, and saw 2 of its levels.

You collected 40 gold pieces.

Inventory:

Hand Weapons
 a - a +0 hand axe (weapon)
Missiles
 g - 7 poisoned darts (quivered)
Armour
 b - a +0 animal skin (worn)
Jewellery
 j - a +6 ring of strength (left hand)
 l - a +4 ring of protection (right hand)
Scrolls
 c - a scroll of teleportation {unknown}
 i - a scroll of poison {unknown}
Potions
 d - a potion of might {unknown}
 e - a potion of haste {unknown}
 f - 2 potions of magic {unknown}
 h - a potion of heal wounds {unknown}
 k - 2 potions of brilliance {unknown}


   Skills:
 - Level 3.2 Fighting
 + Level 4.1 Axes
 - Level 2.1 Armour
 - Level 1.5 Dodging


You had 2 spell levels left.
You didn't know any spells.
Your spell library was empty.

Dungeon Overview and Level Annotations

Branches:
Dungeon (2/15)

Altars:

Annotations:
D:2 Sigmund


Innate Abilities, Weirdness & Mutations

You are immune to sickness and miasma.
Your stone body is resilient. (AC +3)
You are immune to poison.
You resist negative energy. (rN+)
You are resistant to electric shocks. (rElec)
You are resistant to unholy torment.
You are immune to petrification.


Message History

You hit the rat but do no damage. You hit the goblin.
You kill the goblin!
Trog accepts your kill.
The rat bites you but does no damage. x2
You closely miss the rat.
Sigmund gestures wildly while chanting.
Sigmund flickers and vanishes!
Deactivating autopickup; reactivate with Ctrl-A.
The rat bites you but does no damage.
You closely miss the rat. The rat closely misses you.
You closely miss the rat. Something hits you. The rat barely misses you.
A red film seems to cover your vision as you go berserk!
You feel yourself moving faster!
You feel mighty! The rat barely misses you.
You hit the rat.
You kill the rat!
Trog accepts your kill. Something hits you but does no damage.
You see here a rat corpse.
You barely miss something. Something hits you.
You closely miss something. You barely miss something.
Something hits you but does no damage.
You barely miss something. You barely miss something.
A ball python comes into view.
Something hits you.
You barely miss something.
The ball python hisses angrily.
You hit something. Something hits you!
You miss something. You closely miss something.
You hear some strange, mumbled words.
A magic dart appears from out of thin air!
The magic dart hits you.
* * * LOW HITPOINT WARNING * * *
You slash something!
You hear some strange, mumbled words.
You are confused.
You barely miss something. Something hits you!
You die...

.......... ......
........... ..... .
..........##.... .#
###.#.#.#...#.......
..............#...#
.................#
#.#.#.#..##.......
#.###.#.......†{S.....
............@)......#
#.###.....#..##..#...#
#................# ...
#.####.##.#..##..# .
#................##.
#.#######.#.####.##.#
#######.#.# #.##.#
#...##....####.##.#
#...###...........#


You could see a ball python.

Vanquished Creatures
  2 adders (D:2)
  A dart slug (D:1)
  2 endoplasms (D:1)
  A giant cockroach (D:1)
  4 goblins
  2 hobgoblins (D:1)
  A quokka (D:1)
  A ball python (D:1)
  A bat (D:1)
  2 frilled lizards (D:1)
  3 kobolds
  5 rats
25 creatures vanquished.

Notes
Turn   | Place    | Note
-------+----------+-------------------------------------------
     0 | D:1      | Kenran the Gargoyle Berserker began the quest for the Orb.
     0 | D:1      | Reached XP level 1. HP: 14/14 MP: 1/1
    58 | D:1      | Reached skill level 3 in Axes
   113 | D:1      | Reached XP level 2. HP: 9/19 MP: 2/2
   304 | D:1      | Found a faded altar of an unknown god.
   556 | D:2      | Reached XP level 3. HP: 11/23 MP: 3/3
   642 | D:2      | Reached skill level 4 in Axes
   687 | D:2      | Identified the +6 shortbow of Raimant {speed, +Blink rElec
                  | Will+++ Dex-5}
   710 | D:2      | Noticed Sigmund
   730 | D:2      | Slain by Sigmund

Illustrated notes

Levels and vault maps discovered:
D:1:      dpeg_arrival_lava_temple_mockup, layout_rooms,
          hellmonk_ecumenical_altar_leap_of_faith
D:2:      layout_basic, serial_shops, nicolae_square_shop, uniq_natasha,
          uniq_robin, uniq_sigmund

Skill      XL: |  1  2  3 |
---------------+----------+-----
Axes           | 3 4 |  4.1
Fighting       | |  3.2
Armour         | |  2.1
Dodging        | |  1.5

Action                     || total
---------------------------++-------
  Melee: Hand axe          ||   102
 Invoke: Berserk           ||     2
 Armour: Animal skin       ||    65
  Dodge: Dodged            ||    52
